 Dungeon Crawl Stone Soup version 0.17.0-23-g0de4337 (console) character file.

186 nht the Cudgeler (level 5, -1/50 HPs)
             Began as an Ogre Enchanter on Nov 14, 2015.
             Slain by a phantom (5 damage)
             ... on level 4 of the Dungeon.
             The game lasted 00:04:54 (2855 turns).

nht the Cudgeler (Ogre Enchanter)                   Turns: 2855, Time: 00:04:54

Health: -1/50      AC:  4    Str: 14    XL:     5   Next: 65%
Magic:  8/8        EV: 10    Int: 14    God:
Gold:   85         SH:  0    Dex: 10    Spells: 1 memorised, 7 levels left

rFire  . . .     SeeInvis .     q - +0 mace (curse)
rCold  . . .     Clarity  .     b - +1 robe
rNeg   . . .     SustAt   .     (no shield)
rPois  .         Gourm    .     (helmet restricted)
rElec  .         Spirit   .     (no cloak)
rCorr  .         Warding  .     (gloves unavailable)
rMut   .         Stasis   .     (boots unavailable)
MR     .....                    (no amulet)
Stlth  ++........               (no ring)
                                (no ring)

@: not resistant to hostile enchantments, unstealthy
A: unfitting armour, tough skin 1
a: no special abilities


You were on level 4 of the Dungeon.
You were hungry.

You visited 1 branch of the dungeon, and saw 4 of its levels.

You collected 85 gold pieces.

Inventory:

Hand Weapons
 a - a +0 giant club
 q - a cursed +0 mace (weapon)
Missiles
 i - a javelin (quivered)
Armour
 b - a +1 robe (worn)
Wands
 e - a wand of enslavement (7)
Scrolls
 f - 3 scrolls of enchant weapon {unknown}
 j - 2 scrolls of magic mapping {unknown}
 k - a scroll of enchant armour {unknown}
 l - a scroll of teleportation {unknown}
 n - 2 scrolls of random uselessness {unknown}
 p - 2 scrolls of identify {unknown}
 u - a scroll of noise {unknown}
 v - 2 scrolls of immolation {unknown}
 z - a scroll of remove curse {unknown}
Potions
 h - a potion of agility
 w - a potion of cure mutation
Books
 c - a book of Maledictions

   Spells                             Type                      Level
   a - Corona                         Hexes                        1
   b - Ensorcelled Hibernation        Hexes/Ice                    2
   c - Confuse                        Hexes                        3
   d - Tukima's Dance                 Hexes                        3
   e - Dazzling Spray                 Conjuration/Hexes            3
 y - a book of Transfigurations

   Spells                             Type                      Level
   a - Stoneskin                      Transmutation/Earth          2
   b - Irradiate                      Conjuration/Transmutation    5
   c - Statue Form                    Transmutation/Earth          6
   d - Hydra Form                     Transmutation                6
   e - Dragon Form                    Transmutation                7
Comestibles
 d - 2 bread rations
 g - 4 meat rations
 o - 2 beef jerkies


   Skills:
 - Level 2.3 Fighting
   Level 0.5 Short Blades
 + Level 6.3 Maces & Flails
 - Level 1.7 Dodging
 - Level 2.4 Stealth
 - Level 2.4 Spellcasting
 - Level 2.1 Hexes


You had 7 spell levels left.
You knew the following spells:

 Your Spells              Type           Power        Failure   Level  Hunger
a - Corona                Hex            #......      12%         1    #......


Dungeon Overview and Level Annotations

Branches:
Dungeon (4/15)
 Temple: D:4-7

Altars:
Yredelemnul
The Shining One


Innate Abilities, Weirdness & Mutations

You are too large for most types of armour.
You have tough skin (AC +1).


Message History

You hit the phantom but do no damage.
The phantom is almost destroyed.
The phantom hits you.
* * * LOW HITPOINT WARNING * * *
You closely miss the phantom.
The phantom is almost destroyed.
The phantom blinks!
You see here a javelin.
i - a javelin You barely miss the phantom.
The phantom is almost destroyed.
The phantom closely misses you. The phantom hits you.
* * * LOW HITPOINT WARNING * * *
You closely miss the phantom.
The phantom is almost destroyed.
The phantom barely misses you.
You closely miss the phantom.
The phantom is almost destroyed.
The phantom hits you.
You die...

█....█
█...██
█...█
+...+
█...█
█..†█
█...█
█...█
█...█
█W..█
█@..█
+...+
█..(█
█(.(█
█.(.█
█...█


████ █†..███...██ █.†.██.....██ █...█.......█ +†..'....!..█ █...█.......█ You
could see a phantom.

Vanquished Creatures
  An ogre (D:4)
  5 adders
  An ooze (D:2)
  A worm (D:2)
  2 giant geckos
  2 ball pythons (D:2)
  4 bats
  4 giant cockroaches (D:1)
  5 goblins
  7 hobgoblins
  6 jackals
  A quokka (D:2)
  3 giant newts (D:1)
  4 kobolds
  8 rats
54 creatures vanquished.

Notes
Turn   | Place    | Note
--------------------------------------------------------------
     0 | D:1      | nht the Ogre Enchanter began the quest for the Orb.
     0 | D:1      | Reached XP level 1. HP: 16/16 MP: 3/3
   155 | D:1      | Reached skill level 1 in Fighting
   240 | D:1      | Reached XP level 2. HP: 11/28 MP: 5/5
   401 | D:1      | Reached skill level 1 in Maces & Flails
   924 | D:2      | Reached XP level 3. HP: 9/36 MP: 6/6
  1269 | D:2      | Reached skill level 3 in Maces & Flails
  1554 | D:2      | Found a basalt altar of Yredelemnul.
  1557 | D:2      | Found a glowing golden altar of the Shining One.
  1570 | D:2      | Noticed a profane servitor
  1621 | D:2      | Reached XP level 4. HP: 23/44 MP: 7/7
  1718 | D:2      | Reached skill level 4 in Maces & Flails
  2518 | D:2      | Noticed an angel
  2706 | D:3      | You fall through a shaft!
  2717 | D:4      | Noticed an ogre
  2717 | D:4      | Noticed a phantom
  2739 | D:4      | Gained mutation: You have sharp toenails. [potion of beneficial mutation]
  2762 | D:4      | Killed an ogre
  2762 | D:4      | Reached skill level 6 in Maces & Flails
  2762 | D:4      | Reached XP level 5. HP: 20/50 MP: 8/8
  2767 | D:4      | Lost mutation: You have sharp toenails. [potion of cure mutation]
  2855 | D:4      | Slain by a phantom

Action                   |  1- 3 |  4- 6 || total
-------------------------+-------+-------++-------
Melee: Dagger            |    85 |       ||    85
       Mace              |    73 |   120 ||   193
Throw: Javelin           |       |    14 ||    14
  Use: Potion            |     2 |     8 ||    10
 Stab: Sleeping          |     5 |     4 ||     9
       Invisible         |       |     1 ||     1
  Eat: Chunk             |     2 |     4 ||     6
